 Dungeon Crawl Stone Soup version 0.26-a0-651-gb41185065b (webtiles) character file.

Game seed: 5638066731995516462

1155 Irenicus the Geomancer (level 8, -4/62 HPs)
             Began as a Deep Dwarf Earth Elementalist on Oct 13, 2020.
             Was an Initiate of Makhleb.
             Slain by an orc warrior
             ... wielding a cursed +0 hand axe
              (11 damage)
             ... on level 6 of the Dungeon.
             The game lasted 00:22:24 (2934 turns).

Irenicus the Geomancer (DDEE)                       Turns: 2934, Time: 00:22:25

Health: -4/62      AC:  9    Str: 12    XL:     8   Next: 16%
Magic:  1/13       EV: 11    Int: 18    God:    Makhleb [......]
Gold:   295        SH:  0    Dex: 16    Spells: 7/13 levels left

rFire    x . .     SeeInvis .   c - +2 dagger (venom)
rCold    . . .     Faith    .   (no shield)
rNeg     + . .     Spirit   .   u - +0 ring mail
rPois    +         Reflect  .   b - +0 helmet
rElec    .         Harm     .   o - +1 cloak
rCorr    .         Rampage  .   h - +0 pair of gloves
MR       +....                  (no boots)
Stlth    ++........             x - amulet of Finality {RegenMP rPois rF- Dex+3 Slay+3}
HPRegen  0.00/turn              y - ring of positive energy {rN+}
MPRegen  0.38/turn              (no ring)

@: non-regenerating
A: damage resistance, heal wounds, sense surroundings 1, no regeneration
a: Heal Wounds, Renounce Religion


You were on level 6 of the Dungeon.
You worshipped Makhleb.
Makhleb was noncommittal.
You visited 1 branch of the dungeon, and saw 6 of its levels.

You collected 295 gold pieces.

Inventory:

Hand Weapons
 c - a +2 dagger of venom (weapon)
   (You took it off a goblin on level 2 of the Dungeon)
 e - a +1 whip of electrocution
   (You took it off a kobold on level 1 of the Dungeon)
Armour
 b - a +0 helmet (worn)
   (You took it off Robin on level 2 of the Dungeon)
 h - a +0 pair of gloves (worn)
   (You found it on level 3 of the Dungeon)
 o - a +1 cloak (worn)
   (You took it off Crazy Yiuf on level 2 of the Dungeon)
 u - a +0 ring mail (worn)
   (You found it on level 3 of the Dungeon)
Jewellery
 x - the amulet of Finality (around neck) {RegenMP rPois rF- Dex+3 Slay+3}
   (You found it on level 4 of the Dungeon)

   [amulet of magic regeneration]

   It increases your magic regeneration.
   It affects your dexterity (+3).
   It affects your accuracy and damage with ranged weapons and melee attacks
   (+3).
   It makes you vulnerable to fire.
   It protects you from poison.
 y - a ring of positive energy (left hand) {rN+}
   (You found it on level 4 of the Dungeon)
Scrolls
 a - 2 scrolls of teleportation
 f - 2 scrolls of remove curse {unknown}
 g - a scroll of amnesia {unknown}
 l - 3 scrolls of enchant armour {unknown}
 s - 2 scrolls of magic mapping {unknown}
 t - 3 scrolls of enchant weapon {unknown}
Potions
 i - 2 potions of haste
 n - 2 potions of invisibility
 p - a potion of stabbing
 r - a potion of berserk rage {!q}
 v - 3 potions of mutation {!q}
 w - 2 potions of brilliance


   Skills:
 - Level 2.1 Dodging
 - Level 2.4 Stealth
 + Level 3.4 Spellcasting
 - Level 3.3 Conjurations
 - Level 0.8 Transmutations
 - Level 11.1 Earth Magic


You had 7 spell levels left.
You knew the following spells:

 Your Spells              Type           Power        Failure   Level
a - Sandblast             Erth           #####.       1%          1
w - Passwall              Tmut/Erth      ###.....     4%          2
x - Stone Arrow           Conj/Erth      ####..       5%          3

Your spell library contained the following spells:

 Spells                   Type           Power        Failure   Level
 Lee's Rapid Deconstruct  Erth           #####.....   11%         5
 Petrify                  Tmut/Erth      ###.....     30%         4
 Corona                   Hex            #......      34%         1
 Ensorcelled Hibernation  Hex/Ice        #.....       47%         2
 Dazzling Flash           Conj/Hex       #.....       47%         3
 Confusing Touch          Hex            #.......     71%         3
 Tukima's Dance           Hex            #.......     71%         3


Dungeon Overview and Level Annotations

Branches:
Dungeon (6/15)
 Temple: D:4-7

Altars:
Cheibriados
Hepliaklqana
Makhleb
Qazlal
Sif Muna
Trog
Uskayaw
Vehumet


Innate Abilities, Weirdness & Mutations

You are resistant to damage.
You can heal yourself by infusing magical energy.
You passively map a small area around you.
You do not regenerate.


Message History

Casting: Stone Arrow (dangerous; 5% risk of failure)
Confirm with . or Enter, or press ? or * to list all spells.
Okay, then.
There is a stone staircase leading down here.
You climb downwards.
You hear the hiss of flowing sand.
There is an entrance to an ossuary on this level.
Hurry and find it before the portal is buried!
There is a stone staircase leading up here.
You open the door.
An iguana comes into view.
Casting: Stone Arrow (dangerous; 5% risk of failure)
Confirm with . or Enter, or press ? or * to list all spells.
Aiming: Stone Arrow (dangerous; 5% risk of failure)
Press: ? - help, Shift-Dir - straight line, f - iguana
Aim: an iguana (asleep)
The stone arrow hits the iguana!
The iguana is heavily wounded.
You now have 3/12 mp.
Casting: Stone Arrow (dangerous; 5% risk of failure)
Confirm with . or Enter, or press ? or * to list all spells.
Aiming: Stone Arrow (dangerous; 5% risk of failure)
Press: ? - help, Shift-Dir - straight line, f/p - iguana
Aim: an iguana (heavily wounded)
The stone arrow hits the iguana!
You kill the iguana!
Makhleb accepts your kill.
You now have 1/13 mp.
A bullfrog skeleton comes into view.
There is an open door here.
There is an open door here.
You close the door.
Found a stone staircase leading down.
Casting: Stone Arrow (dangerous; 5% risk of failure)
Confirm with . or Enter, or press ? or * to list all spells.
Press: ? - help, Dir - move target cursor A translucent rock wall.
You begin to meditate on the wall.
You continue meditating on the rock. x2
You finish merging with the rock.
You now have 7/13 mp.
Found a hazy altar of Hepliaklqana.
There is a hazy altar of Hepliaklqana here.
Casting: Passwall (safe; 4% risk of failure)
Confirm with . or Enter, or press ? or * to list all spells.
Press: ? - help, Dir - move target cursor A translucent rock wall.
You begin to meditate on the wall.
You continue meditating on the rock. x2
You finish merging with the rock.
An orc comes into view. It is wielding a +0 trident.
Casting: Passwall (safe; 4% risk of failure)
Confirm with . or Enter, or press ? or * to list all spells.
Aiming: Stone Arrow (dangerous; 5% risk of failure)
Press: ? - help, Shift-Dir - straight line, f - orc
Aim: an orc, wielding a +0 trident (asleep)
The stone arrow hits the orc!
You kill the orc!
Makhleb accepts your kill.
You hear a shout!
You now have 7/13 mp.
An orc warrior comes into view. It is wielding a +0 hand axe.
You see here 20 arrows.
Evoke which item? (* to show all) (? for menu, Esc to quit)
Aiming: Paralyse
Press: ? - help, Shift-Dir - straight line, f - orc warrior
Aim: an orc warrior, wielding a +0 hand axe and wearing a +0 plate armour (chance to defeat MR: 46%)
The orc warrior resists with some effort.
The now-empty wand crumbles to dust.
You hear the slow hiss of a distant avalanche of sand.
Casting: Stone Arrow (dangerous; 5% risk of failure)
Confirm with . or Enter, or press ? or * to list all spells.
Aiming: Stone Arrow (dangerous; 5% risk of failure)
Press: ? - help, Shift-Dir - straight line, f/p - orc warrior
Aim: an orc warrior, wielding a +0 hand axe and wearing a +0 plate armour The stone arrow misses the orc warrior.
The orc warrior barely misses you.
You now have 6/13 mp.
Casting: Stone Arrow (dangerous; 5% risk of failure)
Confirm with . or Enter, or press ? or * to list all spells.
Aiming: Stone Arrow (dangerous; 5% risk of failure)
Press: ? - help, Shift-Dir - straight line, f/p - orc warrior
Aim: an orc warrior, wielding a +0 hand axe and wearing a +0 plate armour The stone arrow hits the orc warrior.
The orc warrior is lightly wounded.
You now have 4/13 mp.
Casting: Stone Arrow (dangerous; 5% risk of failure)
Confirm with . or Enter, or press ? or * to list all spells.
Aiming: Stone Arrow (dangerous; 5% risk of failure)
Press: ? - help, Shift-Dir - straight line, f/p - orc warrior
Aim: an orc warrior, wielding a +0 hand axe and wearing a +0 plate armour (lightly wounded)
The stone arrow hits the orc warrior!
The orc warrior is heavily wounded.
The orc warrior barely misses you.
You now have 1/13 mp.
Casting: Stone Arrow (dangerous; 5% risk of failure)
Confirm with . or Enter, or press ? or * to list all spells.
You don't have enough magic to cast that spell.
Unknown command.
You hit the orc warrior but do no damage.
The orc warrior is poisoned.
The orc warrior is heavily wounded.
The orc warrior hits you with a cursed +0 hand axe!
You die...

* #. ## #. .,,* ,* ,
##.#**.# * * , #...##.
, * #.....,, * *
#...)#* , , ,, #(#*
### ###* *
#o####8###8###
#@##8...8...8#####
#.##.........##..#
#.#_.........>#..#
####.........##..# *
###8...8...8###.#
###8###8####...
#############.#
*,######.#<#.....###.#
* .........##........#


You could see an orc warrior (very poisoned).

Vanquished Creatures
  Sigmund (D:2)
  Menkaure (D:5)
  An ogre (D:3)
  A howler monkey (D:4)
  2 hounds
  A centaur skeleton (D:4)
  Crazy Yiuf (D:2)
  An orc priest (D:5)
  6 orc wizards
  Ijyb (D:3)
  2 iguanas
  A worker ant (D:5)
  A hound zombie (D:5)
  2 hound skeletons (D:4)
  Robin (D:2)
  A howler monkey skeleton (D:4)
  5 adders
  5 gnolls
  2 ufetubi (D:5)
  2 oozes
  2 worms (D:3)
  4 dart slugs
  A leopard gecko (D:4)
  12 orcs
  A ball python (D:3)
  6 giant cockroaches
  19 goblins
  14 hobgoblins
  17 jackals
  3 quokkas
  9 bats
  3 frilled lizards
  A jackal skeleton (D:5)
  8 kobolds
  11 rats
149 creatures vanquished.

Notes
Turn   | Place    | Note
-------+----------+-------------------------------------------
     0 | D:1      | Irenicus the Deep Dwarf Earth Elementalist began the quest
                  | for the Orb.
     0 | D:1      | Reached XP level 1. HP: 15/15 MP: 3/3
   144 | D:1      | Reached XP level 2. HP: 10/22 MP: 0/4
   190 | D:1      | Reached skill level 5 in Earth Magic
   270 | D:1      | Learned a level 2 spell: Passwall
   485 | D:1      | Reached XP level 3. HP: 9/28 MP: 2/5
   773 | D:2      | Noticed Robin
   783 | D:2      | Reached skill level 6 in Earth Magic
   789 | D:2      | HP: 7/28 [hobgoblin/+0 club[Robin] (1)]
   795 | D:2      | Killed Robin
   838 | D:2      | Reached XP level 4. HP: 9/36 MP: 6/6
   941 | D:2      | Noticed a moth of wrath
   943 | D:2      | Found a bloodstained altar of Trog.
  1017 | D:2      | Noticed Sigmund
  1021 | D:2      | Killed Sigmund
  1021 | D:2      | Reached skill level 8 in Earth Magic
  1021 | D:2      | Reached XP level 5. HP: 10/42 MP: 0/7
  1069 | D:2      | Found a runed translucent door.
  1070 | D:2      | Noticed Crazy Yiuf
  1077 | D:2      | HP: 7/42 [something (3)]
  1079 | D:2      | Killed Crazy Yiuf
  1079 | D:2      | Reached skill level 9 in Earth Magic
  1079 | D:2      | Reached XP level 6. HP: 9/49 MP: 0/8
  1461 | D:3      | Learned a level 3 spell: Stone Arrow
  1486 | D:3      | Noticed Ijyb
  1487 | D:3      | Found a snail-covered altar of Cheibriados.
  1489 | D:3      | Found a stormy altar of Qazlal.
  1489 | D:3      | Paralysed by Ijyb for 6 turns
  1495 | D:3      | HP: 8/49 [Ijyb (1)]
  1496 | D:3      | Killed Ijyb
  1503 | D:3      | HP: 7/49 [quokka (1)]
  1508 | D:3      | Found a radiant altar of Vehumet.
  1647 | D:3      | Reached skill level 10 in Earth Magic
  1713 | D:3      | Found a hide-covered altar of Uskayaw.
  1923 | D:4      | Reached XP level 7. HP: 18/55 MP: 5/9
  2029 | D:4      | Got a fine zirconium amulet
  2035 | D:4      | Identified the amulet of Finality {RegenMP rPois rF- Dex+3
                  | Slay+3} (You found it on level 4 of the Dungeon)
  2035 | D:4      | nice !
  2166 | D:4      | Reached skill level 1 in Conjurations
  2220 | D:4      | Reached skill level 2 in Spellcasting
  2260 | D:4      | Found a shimmering blue altar of Sif Muna.
  2432 | D:5      | Entered Level 5 of the Dungeon
  2434 | D:5      | Reached skill level 11 in Earth Magic
  2524 | D:5      | Reached skill level 2 in Conjurations
  2584 | D:5      | Noticed Menkaure
  2667 | D:5      | HP: 8/55 [orc priest/divine providence (9)]
  2702 | D:5      | Found a burning altar of Makhleb.
  2716 | D:5      | Became a worshipper of Makhleb the Destroyer
  2800 | D:5      | Reached XP level 8. HP: 9/62 MP: 8/12
  2846 | D:5      | HP: 7/62 [??? (2)]
  2875 | D:5      | Killed Menkaure
  2875 | D:5      | Reached skill level 3 in Spellcasting
  2875 | D:5      | Reached skill level 3 in Conjurations
  2914 | D:6      | Found a hazy altar of Hepliaklqana.
  2934 | D:6      | Slain by an orc warrior

Illustrated notes

** *## #.[ ##.#
#.. #..# # #..*
#..# # #..*
##@.# ## #..*
#...# .##
#..#####...#
..##
#...##.....#
...##
#.......##.#
....#
###....##*.#
....###########
.# ........# .#
##'####.#### *


Turn 2035 on D:4: nice !

Levels and vault maps discovered:
D:1:      dpeg_arrival_boxorama, layout_basic
D:2:      layout_basic, tgw_trog, uniq_sigmund, uniq_crazy_yiuf_cottage,
          uniq_robin
D:3:      layout_loops_ring, grunt_temple_overflow_open,
          overflow_temple_1_default, uniq_ijyb
D:4:      layout_layer_cave, led_sif_pool, minivault_23, grunt_decor_arrowhead
D:5:      layout_rooms, demons_altar, uniq_menkaure
D:6:      layout_loops_corners, kennysheep_vampire_church,
          nicolae_overflow_hidden_temple, nicolae_ossuary_entry_giza

Skill      XL: |  1  2  3  4  5  6  7  8 |
---------------+-------------------------+-----
Earth Magic    | 5 6 8 9 10 11 | 11.1
Conjurations   | 2 3 |  3.3
Spellcasting   | 2 3 |  3.4
Dodging        | |  2.1
Stealth        | |  2.4
Transmutations | |  0.8

Action                   |  1- 3 |  4- 6 |  7- 9 || total
-------------------------+-------+-------+-------++-------
Melee: Unarmed           |    55 |       |       ||    55
       Whip              |    51 |       |       ||    51
       Dagger            |     4 |    44 |    25 ||    73
 Cast: Sandblast         |    36 |    51 |    35 ||   122
       Passwall          |     7 |    15 |     7 ||    29
       Stone Arrow       |       |     1 |    39 ||    40
Evoke: Wand              |       |     4 |     1 ||     5
  Use: Scroll            |     1 |     2 |     4 ||     7
       Potion            |       |     2 |     2 ||     4
 Stab: Sleeping          |       |     6 |       ||     6
       Paralysed         |       |     5 |       ||     5
Armor: Robe              |    40 |       |       ||    40
       Leather armour    |     8 |    18 |       ||    26
       Ring mail         |       |     4 |    20 ||    24
Dodge: Dodged            |   116 |    36 |    28 ||   180

Table legend: (Time is in decaauts)
 A = Elapsed time spent in this place.
 B = Non-inter-level travel time spent in this place.
 C = Inter-level travel time spent in this place.
 D = Time resting spent in this place.
 E = Time spent auto-exploring this place.
 F = Levels seen in this place.
 G = Mean time per level.
                   A        B        C        D        E       F      G
               +--------+--------+--------+--------+--------+-----+--------+
         Total |   2938 |   2901 |     37 |      0 |      0 |   6 |  489.7 |
       Dungeon |   2938 |   2901 |     37 |      0 |      0 |   6 |  489.7 |
               +--------+--------+--------+--------+--------+-----+--------+

Top non-repeatable levels by time:
     D:1: 709 daAuts
     D:2: 704 daAuts
     D:4: 573 daAuts
     D:3: 484 daAuts
     D:5: 412 daAuts
     D:6: 53 daAuts

Table legend:
 A = Kills in this place as a percentage of kills in entire the game.
 B = Kills by you in this place as a percentage of kills by you in the entire game.
 C = Kills by friends in this place as a percentage of kills by friends in the entire game.
 D = Other kills in this place as a percentage of other kills in the entire game.
 E = Experience gained in this place as a percentage of experience gained in the entire game.
 F = Experience gained in this place divided by the number of levels of this place that you have seen.
                   A       B       C       D       E      F
               +-------+-------+-------+-------+-------+----------------------
         Total | 100.0 | 100.0 |   N/A |   N/A | 100.0 | 275.0
       Dungeon | 100.0 | 100.0 |   N/A |   N/A | 100.0 | 275.0
               +-------+-------+-------+-------+-------+----------------------
